[ AOE2 MATCH · #463565103 ]
Team RMVietnamese vs Koreans
[ REPLAY ANALYSIS · EXTRACTED FROM THE RECORDED GAME ]
Feudal
12:55
Castle
22:10
Imperial
—
| APM avg | 36.3 |
| APM peak | 89 |
| eAPM avg | 17.6 |
| Villagers / military | 154 / 125 |
Focus
⚔️ 34.7% · 🌾 65.3%
Knight ×110 · Scout Cavalry ×15 · Fishing Ship ×5
Feudal
13:19
Castle
24:15
Imperial
53:35
| APM avg | 25.6 |
| APM peak | 44 |
| eAPM avg | 14.8 |
| Villagers / military | 186 / 196 |
Focus
⚔️ 27.3% · 🌾 72.7%
Knight ×164 · Obuch ×19 · Scout Cavalry ×13 · Fishing Ship ×7
Feudal
13:56
Castle
18:23
Imperial
54:21
| APM avg | 39.0 |
| APM peak | 80 |
| eAPM avg | 18.3 |
| Villagers / military | 168 / 151 |
Focus
⚔️ 40.9% · 🌾 59.1%
War Wagon ×116 · Fishing Ship ×14 · Battering Ram ×12 · Trebuchet (Packed) ×12 · Iron Pagoda ×5 · Scout Cavalry ×4
Feudal
—
Castle
—
Imperial
—
| APM avg | 29.4 |
| APM peak | 57 |
| eAPM avg | 19.0 |
| Villagers / military | 201 / 210 |
Focus
⚔️ 43.0% · 🌾 57.0%
Spearman ×151 · Serjeant ×23 · Knight ×16 · Fishing Ship ×10 · Battering Ram ×9 · Mangonel ×6
Feudal
13:39
Castle
17:44
Imperial
50:41
| APM avg | 65.7 |
| APM peak | 116 |
| eAPM avg | 34.8 |
| Villagers / military | 252 / 447 |
Focus
⚔️ 45.9% · 🌾 54.1%
Steppe Lancer ×217 · Scout Cavalry ×196 · Camel Scout ×27 · Fishing Ship ×6 · Monk ×3 · Spearman ×2
Feudal
13:40
Castle
17:23
Imperial
48:29
| APM avg | 37.4 |
| APM peak | 72 |
| eAPM avg | 19.9 |
| Villagers / military | 76 / 445 |
Focus
⚔️ 44.5% · 🌾 55.5%
Spearman ×221 · Skirmisher ×180 · Battering Ram ×24 · Fishing Ship ×23 · Cataphract ×8 · Mangonel ×7
Match map
Initial resources + every placement click. Lines = walls · curves = elevation contours. ◆ gold · ⬟ stone · ● berries · ✦ relic · ◌ wall gap
Your base· Open — 6t gap
Blegh's base· Open — 4t gap
Cocaina Man's base· Open — 3t gap
PNAL I Ghost's base· Open — unwalled flank
SeMuR III el conquistador's base· Open — 2t gap
PNAL | Machete's base· Open — 12t gap
Smoothed initial terrain · ◌ = detected wall gap · hover for details
Inputs per minute
— PNAL | El Travieso - - Blegh
Build order — PNAL | El Travieso
First 150 of 433 actions detected
| 0:18 | Build | Town Center |
| 1:35 | Build | Dock |
| 1:37 | Build | House |
| 2:33 | Create | Villager (Male) |
| 2:34 | Create | Villager (Male) |
| 2:34 | Create | Villager (Male) |
| 2:34 | Create | Villager (Male) |
| 3:42 | Create | Fishing Ship |
| 4:07 | Research | Loom |
| 5:02 | Create | Villager (Male) |
| 5:03 | Create | Villager (Male) |
| 5:08 | Create | Villager (Male) |
| 5:08 | Create | Villager (Male) |
| 5:38 | Build | House |
| 5:50 | Create | Villager (Male) |
| 6:17 | Create | Villager (Male) |
| 6:18 | Create | Villager (Male) |
| 6:35 | Create | Fishing Ship |
| 6:48 | Build | House |
| 6:50 | Create | Villager (Male) |
| 7:10 | Create | Villager (Male) |
| 7:33 | Create | Fishing Ship |
| 7:56 | Create | Villager (Male) |
| 7:56 | Create | Villager (Male) |
| 8:07 | Build | House |
| 8:16 | Create | Villager (Male) |
| 8:21 | Create | Villager (Male) |
| 8:21 | Create | Villager (Male) |
| 8:41 | Create | Villager (Male) |
| 8:41 | Create | Villager (Male) |
| 8:46 | Create | Fishing Ship |
| 8:46 | Create | Fishing Ship |
| 9:25 | Create | Villager (Male) |
| 9:25 | Create | Villager (Male) |
| 9:43 | Build | Mill |
| 10:00 | Build | House |
| 10:45 | Research | Feudal Age |
| 11:32 | Build | Barracks |
| 12:55 | Age | Feudal Age |
| 12:57 | Build | Stable |
| 12:59 | Build | Stable |
| 13:09 | Build | Mill |
| 13:12 | Create | Villager (Male) |
| 13:12 | Create | Villager (Male) |
| 13:12 | Create | Villager (Male) |
| 13:40 | Build | House |
| 13:42 | Create | Scout Cavalry |
| 13:42 | Create | Scout Cavalry |
| 13:43 | Create | Scout Cavalry |
| 13:47 | Create | Villager (Male) |
| 13:47 | Create | Villager (Male) |
| 14:02 | Build | Mill |
| 14:09 | Create | Villager (Male) |
| 14:22 | Create | Scout Cavalry |
| 14:22 | Create | Scout Cavalry |
| 14:26 | Create | Villager (Male) |
| 14:31 | Build | House |
| 14:45 | Create | Villager (Male) |
| 14:45 | Create | Villager (Male) |
| 14:53 | Create | Scout Cavalry |
| 15:21 | Create | Scout Cavalry |
| 15:23 | Create | Villager (Male) |
| 15:23 | Create | Villager (Male) |
| 15:33 | Create | Villager (Male) |
| 15:33 | Create | Villager (Male) |
| 15:40 | Create | Scout Cavalry |
| 15:40 | Create | Scout Cavalry |
| 15:45 | Build | Mill |
| 15:53 | Create | Scout Cavalry |
| 16:01 | Create | Villager (Male) |
| 16:01 | Create | Villager (Male) |
| 16:13 | Create | Villager (Male) |
| 16:18 | Create | Villager (Male) |
| 16:22 | Build | House |
| 16:25 | Build | Lumber Camp |
| 16:38 | Create | Villager (Male) |
| 16:58 | Create | Villager (Male) |
| 16:58 | Create | Villager (Male) |
| 17:04 | Create | Scout Cavalry |
| 17:04 | Create | Scout Cavalry |
| 17:19 | Create | Scout Cavalry |
| 17:20 | Create | Scout Cavalry |
| 17:42 | Create | Scout Cavalry |
| 17:44 | Create | Villager (Male) |
| 17:44 | Create | Villager (Male) |
| 17:46 | Create | Villager (Male) |
| 17:57 | Build | House |
| 18:08 | Create | Villager (Male) |
| 18:15 | Build | Market |
| 18:26 | Research | Town Watch |
| 18:57 | Create | Villager (Male) |
| 18:57 | Create | Villager (Male) |
| 19:30 | Research | Castle Age |
| 19:37 | Build | Stable |
| 20:39 | Build | Blacksmith |
| 20:52 | Research | Horse Collar |
| 21:04 | Research | Bloodlines |
| 21:40 | Build | Farm |
| 21:41 | Build | Farm |
| 21:51 | Build | Farm |
| 21:53 | Build | Farm |
| 22:00 | Research | Scale Barding Armor |
| 22:10 | Age | Castle Age |
| 22:12 | Create | Knight |
| 22:12 | Create | Knight |
| 22:12 | Create | Knight |
| 22:13 | Create | Knight |
| 22:21 | Create | Knight |
| 22:21 | Create | Knight |
| 22:29 | Create | Villager (Male) |
| 22:30 | Create | Villager (Male) |
| 22:38 | Create | Knight |
| 22:42 | Build | Farm |
| 22:51 | Create | Villager (Male) |
| 22:57 | Build | Farm |
| 23:05 | Build | Farm |
| 23:07 | Build | Farm |
| 23:18 | Create | Knight |
| 23:19 | Create | Villager (Male) |
| 23:19 | Create | Villager (Male) |
| 23:35 | Create | Knight |
| 23:35 | Create | Knight |
| 23:40 | Build | House |
| 23:49 | Create | Knight |
| 23:49 | Create | Knight |
| 23:58 | Create | Villager (Male) |
| 24:01 | Build | Farm |
| 24:03 | Create | Knight |
| 24:17 | Create | Knight |
| 24:17 | Create | Knight |
| 24:37 | Create | Villager (Male) |
| 24:38 | Create | Villager (Male) |
| 24:41 | Create | Villager (Male) |
| 24:44 | Build | Palisade Wall |
| 24:59 | Create | Villager (Male) |
| 24:59 | Create | Villager (Male) |
| 25:01 | Build | Farm |
| 25:06 | Create | Knight |
| 25:06 | Create | Knight |
| 25:06 | Create | Knight |
| 25:10 | Create | Knight |
| 25:23 | Build | Farm |
| 25:26 | Create | Villager (Male) |
| 25:28 | Build | Farm |
| 25:45 | Create | Villager (Male) |
| 25:45 | Create | Villager (Male) |
| 25:49 | Build | Farm |
| 26:04 | Create | Villager (Male) |
| 26:09 | Build | House |
| 26:15 | Create | Knight |
Build order — Blegh
First 150 of 412 actions detected
| 0:18 | Build | Dock |
| 0:39 | Build | Town Center |
| 1:07 | Build | House |
| 2:56 | Create | Villager (Male) ×4 |
| 3:35 | Create | Villager (Male) |
| 4:40 | Create | Villager (Male) |
| 4:54 | Create | Villager (Male) |
| 5:18 | Create | Villager (Male) |
| 5:30 | Build | House |
| 5:38 | Create | Villager (Male) |
| 6:11 | Create | Villager (Male) |
| 6:30 | Create | Villager (Male) |
| 6:33 | Build | House |
| 6:38 | Build | House |
| 6:43 | Create | Villager (Male) |
| 6:48 | Research | Loom |
| 6:49 | Create | Villager (Male) |
| 6:54 | Create | Villager (Male) |
| 7:05 | Create | Villager (Male) |
| 7:26 | Create | Villager (Male) |
| 7:34 | Create | Fishing Ship |
| 7:36 | Build | House |
| 8:05 | Create | Villager (Male) |
| 8:06 | Create | Fishing Ship |
| 8:31 | Research | Loom |
| 8:39 | Create | Fishing Ship |
| 8:56 | Create | Villager (Male) |
| 9:17 | Create | Villager (Male) |
| 9:18 | Create | Fishing Ship |
| 9:38 | Build | Lumber Camp |
| 9:46 | Create | Villager (Male) |
| 9:52 | Create | Villager (Male) |
| 10:14 | Create | Villager (Male) |
| 10:15 | Create | Fishing Ship |
| 11:00 | Create | Fishing Ship |
| 11:09 | Research | Feudal Age |
| 11:20 | Build | Barracks |
| 11:58 | Create | Villager (Male) |
| 12:06 | Build | House |
| 12:45 | Create | Fishing Ship |
| 12:48 | Create | Villager (Male) |
| 13:19 | Age | Feudal Age |
| 13:24 | Build | Stable |
| 13:30 | Build | Blacksmith |
| 13:42 | Research | Double-Bit Axe |
| 14:10 | Create | Scout Cavalry |
| 14:10 | Create | Scout Cavalry |
| 14:10 | Create | Scout Cavalry |
| 14:13 | Create | Scout Cavalry |
| 14:30 | Build | Mill |
| 14:34 | Create | Villager (Male) |
| 14:34 | Create | Villager (Male) |
| 14:42 | Build | House |
| 14:45 | Build | Palisade Gate |
| 14:48 | Create | Villager (Male) |
| 15:05 | Create | Villager (Male) |
| 15:10 | Build | Palisade Wall |
| 15:14 | Build | House |
| 15:15 | Build | House |
| 15:21 | Research | Forging |
| 15:22 | Create | Villager (Male) |
| 15:31 | Research | Tech 906 |
| 15:53 | Build | Farm |
| 15:54 | Build | Farm |
| 15:57 | Create | Villager (Male) |
| 16:01 | Create | Scout Cavalry |
| 16:18 | Build | Farm |
| 16:29 | Create | Villager (Male) |
| 17:03 | Build | Mill |
| 17:05 | Create | Scout Cavalry |
| 17:05 | Create | Scout Cavalry |
| 17:07 | Create | Villager (Male) |
| 17:27 | Create | Villager (Male) |
| 17:35 | Create | Villager (Male) |
| 17:42 | Create | Scout Cavalry |
| 17:43 | Create | Villager (Male) |
| 17:44 | Research | Horse Collar |
| 18:04 | Create | Villager (Male) |
| 18:11 | Build | Mining Camp |
| 18:15 | Create | Villager (Male) |
| 18:17 | Create | Scout Cavalry |
| 18:22 | Research | Scale Barding Armor |
| 18:22 | Research | Scale Barding Armor |
| 18:51 | Create | Villager (Male) |
| 18:53 | Create | Scout Cavalry |
| 19:18 | Create | Scout Cavalry |
| 19:21 | Build | Farm |
| 19:22 | Build | Farm |
| 19:23 | Build | Farm |
| 19:25 | Build | Farm |
| 19:44 | Create | Villager (Male) |
| 19:59 | Build | House |
| 20:06 | Create | Villager (Male) |
| 20:39 | Research | Bloodlines |
| 20:50 | Build | House |
| 20:52 | Build | House |
| 21:35 | Research | Castle Age |
| 21:37 | Create | Villager (Male) |
| 21:39 | Research | Bloodlines |
| 21:43 | Create | Villager (Male) |
| 22:04 | Create | Scout Cavalry |
| 22:04 | Create | Scout Cavalry |
| 23:04 | Create | Villager (Male) |
| 23:35 | Create | Villager (Male) |
| 24:06 | Build | Stable |
| 24:15 | Age | Castle Age |
| 24:21 | Build | Lumber Camp |
| 24:26 | Create | Knight |
| 24:26 | Create | Knight |
| 24:26 | Create | Knight |
| 24:50 | Create | Knight |
| 24:53 | Create | Villager (Male) |
| 24:53 | Create | Villager (Male) |
| 24:58 | Research | Bow Saw |
| 25:09 | Research | Husbandry |
| 25:11 | Create | Knight |
| 25:16 | Build | Farm |
| 25:17 | Build | Farm |
| 25:18 | Build | Farm |
| 25:30 | Create | Villager (Male) |
| 25:32 | Create | Knight |
| 25:34 | Research | Iron Casting |
| 25:48 | Create | Villager (Male) |
| 25:57 | Create | Villager (Male) |
| 26:04 | Build | Town Center |
| 26:07 | Create | Villager (Male) |
| 26:11 | Build | Mining Camp |
| 26:16 | Create | Villager (Male) |
| 26:19 | Create | Knight |
| 26:19 | Create | Knight |
| 26:23 | Create | Villager (Male) |
| 26:42 | Create | Knight |
| 26:48 | Research | Town Watch |
| 27:06 | Create | Knight |
| 27:06 | Create | Knight |
| 27:07 | Create | Villager (Male) |
| 27:08 | Create | Villager (Male) |
| 27:09 | Research | Wheelbarrow |
| 27:29 | Create | Villager (Male) |
| 27:29 | Create | Villager (Male) |
| 27:59 | Create | Knight |
| 27:59 | Create | Knight |
| 27:59 | Create | Knight |
| 28:20 | Create | Knight |
| 28:44 | Create | Knight |
| 29:00 | Create | Villager (Male) |
| 29:01 | Create | Villager (Male) |
| 29:07 | Build | Market |
| 29:15 | Create | Knight |
| 29:21 | Create | Villager (Male) |
Build order — Cocaina Man
First 150 of 507 actions detected
| 0:20 | Build | Town Center |
| 1:43 | Build | Dock |
| 2:26 | Build | House |
| 2:38 | Create | Villager (Male) |
| 2:39 | Create | Villager (Male) |
| 2:39 | Create | Villager (Male) |
| 2:39 | Create | Villager (Male) |
| 2:39 | Create | Villager (Male) |
| 2:42 | Research | Loom |
| 3:54 | Create | Fishing Ship |
| 3:54 | Create | Fishing Ship |
| 3:54 | Create | Fishing Ship |
| 4:33 | Create | Villager (Male) |
| 4:33 | Create | Villager (Male) |
| 4:36 | Create | Fishing Ship |
| 4:36 | Create | Fishing Ship |
| 4:59 | Build | House |
| 5:31 | Create | Villager (Male) |
| 5:31 | Create | Villager (Male) |
| 6:16 | Create | Villager (Male) |
| 6:25 | Create | Fishing Ship |
| 6:26 | Create | Fishing Ship |
| 6:34 | Build | House |
| 6:36 | Create | Villager (Male) |
| 7:11 | Create | Villager (Male) |
| 7:11 | Create | Villager (Male) |
| 7:12 | Create | Villager (Male) |
| 7:18 | Create | Fishing Ship |
| 7:19 | Create | Fishing Ship |
| 7:19 | Create | Fishing Ship |
| 7:23 | Create | Villager (Male) |
| 8:27 | Create | Villager (Male) |
| 8:27 | Create | Villager (Male) |
| 8:35 | Create | Fishing Ship |
| 8:36 | Create | Fishing Ship |
| 8:41 | Build | House |
| 8:46 | Create | Villager (Male) |
| 9:47 | Create | Fishing Ship |
| 9:52 | Create | Villager (Male) |
| 10:21 | Create | Villager (Male) |
| 10:25 | Build | Lumber Camp |
| 10:32 | Create | Villager (Male) |
| 10:42 | Create | Villager (Male) |
| 10:51 | Create | Fishing Ship |
| 10:54 | Build | House |
| 10:58 | Build | House |
| 11:35 | Research | Feudal Age |
| 11:45 | Build | Mill |
| 12:27 | Build | Mining Camp |
| 12:36 | Build | Mining Camp |
| 13:43 | Create | Villager (Male) |
| 13:56 | Age | Feudal Age |
| 13:58 | Build | Market |
| 14:01 | Build | Blacksmith |
| 14:04 | Create | Villager (Male) |
| 14:24 | Build | Mining Camp |
| 14:29 | Create | Villager (Male) |
| 14:39 | Build | House |
| 15:20 | Build | Blacksmith |
| 15:43 | Research | Castle Age |
| 16:27 | Research | Stone Mining |
| 16:31 | Research | Double-Bit Axe |
| 17:26 | Create | Villager (Male) |
| 18:23 | Age | Castle Age |
| 18:26 | Create | Villager (Male) |
| 19:01 | Build | Castle |
| 19:10 | Create | Villager (Male) |
| 19:14 | Create | Villager (Male) |
| 19:37 | Research | Fletching |
| 20:20 | Create | Villager (Male) |
| 20:36 | Build | Outpost |
| 20:39 | Create | War Wagon |
| 20:39 | Create | War Wagon |
| 21:02 | Create | War Wagon |
| 21:02 | Create | War Wagon |
| 21:12 | Create | War Wagon |
| 21:12 | Create | War Wagon |
| 21:19 | Create | Villager (Male) |
| 21:30 | Build | Outpost |
| 21:36 | Create | Villager (Male) |
| 21:49 | Create | War Wagon |
| 21:49 | Create | War Wagon |
| 21:52 | Create | Villager (Male) |
| 22:00 | Create | Fire Galley |
| 22:00 | Create | Fire Galley |
| 22:26 | Build | Outpost |
| 22:27 | Create | War Wagon |
| 22:28 | Create | War Wagon |
| 22:28 | Create | War Wagon |
| 22:38 | Create | Villager (Male) |
| 22:55 | Create | War Wagon |
| 22:55 | Create | War Wagon |
| 22:56 | Create | War Wagon |
| 23:01 | Build | Outpost |
| 23:12 | Create | Villager (Male) |
| 23:16 | Create | Villager (Male) |
| 23:23 | Create | War Wagon |
| 23:23 | Create | War Wagon |
| 23:49 | Create | War Wagon |
| 23:49 | Create | War Wagon |
| 23:51 | Create | Villager (Male) |
| 24:21 | Create | War Wagon |
| 24:22 | Create | War Wagon |
| 24:22 | Create | War Wagon |
| 24:36 | Create | Villager (Male) |
| 24:37 | Build | Outpost |
| 25:08 | Create | War Wagon |
| 25:09 | Create | War Wagon |
| 25:09 | Create | War Wagon |
| 25:12 | Create | Villager (Male) |
| 25:37 | Create | War Wagon |
| 25:37 | Create | War Wagon |
| 25:47 | Create | Villager (Male) |
| 25:48 | Build | Outpost |
| 25:50 | Create | Villager (Male) |
| 26:15 | Build | House |
| 26:15 | Create | Villager (Male) |
| 26:17 | Create | War Wagon |
| 26:17 | Create | War Wagon |
| 26:18 | Create | War Wagon |
| 26:32 | Research | Bodkin Arrow |
| 26:55 | Build | Outpost |
| 26:56 | Create | Villager (Male) |
| 27:14 | Create | War Wagon |
| 27:14 | Create | War Wagon |
| 27:17 | Build | Farm |
| 27:18 | Build | Farm |
| 27:18 | Build | Farm |
| 27:19 | Build | Farm |
| 27:20 | Create | Villager (Male) |
| 27:32 | Create | Villager (Male) |
| 27:32 | Create | Villager (Male) |
| 27:32 | Create | Villager (Male) |
| 27:36 | Build | Outpost |
| 27:45 | Build | Farm |
| 28:17 | Build | Lumber Camp |
| 28:20 | Create | War Wagon |
| 28:20 | Create | War Wagon |
| 28:24 | Create | Villager (Male) |
| 28:25 | Build | House |
| 29:04 | Build | Farm |
| 29:05 | Build | Farm |
| 29:06 | Build | Farm |
| 29:11 | Create | War Wagon |
| 29:11 | Create | War Wagon |
| 29:28 | Create | War Wagon |
| 29:34 | Create | Villager (Male) |
| 29:39 | Build | Farm |
| 29:40 | Build | Farm |
| 29:48 | Create | Villager (Male) |
Build order — PNAL I Ghost
First 150 of 494 actions detected
| 0:20 | Build | Town Center |
| 1:37 | Build | Dock |
| 1:41 | Build | House |
| 1:47 | Build | Dock |
| 1:54 | Build | House |
| 2:36 | Create | Villager (Male) |
| 2:36 | Create | Villager (Male) |
| 2:37 | Create | Villager (Male) |
| 2:37 | Create | Villager (Male) |
| 2:37 | Create | Villager (Male) |
| 4:37 | Create | Fishing Ship |
| 4:44 | Research | Loom |
| 4:51 | Create | Villager (Male) |
| 4:51 | Create | Villager (Male) |
| 5:25 | Create | Villager (Male) |
| 5:26 | Create | Villager (Male) |
| 5:48 | Create | Villager (Male) |
| 6:06 | Build | House |
| 6:18 | Create | Villager (Male) |
| 6:19 | Create | Villager (Male) |
| 6:55 | Create | Villager (Male) |
| 6:56 | Create | Villager (Male) |
| 7:25 | Create | Fishing Ship |
| 7:36 | Create | Villager (Male) |
| 7:36 | Create | Villager (Male) |
| 7:37 | Build | House |
| 8:14 | Create | Villager (Male) |
| 8:14 | Create | Villager (Male) |
| 8:14 | Create | Villager (Male) |
| 8:28 | Create | Fishing Ship |
| 8:43 | Create | Villager (Male) |
| 8:43 | Create | Villager (Male) |
| 9:08 | Build | House |
| 9:15 | Create | Fishing Ship |
| 9:15 | Create | Fishing Ship |
| 9:56 | Create | Villager (Male) |
| 9:56 | Create | Villager (Male) |
| 9:56 | Create | Villager (Male) |
| 10:18 | Build | House |
| 10:49 | Build | House |
| 10:51 | Create | Fishing Ship |
| 10:52 | Create | Fishing Ship |
| 11:05 | Build | Lumber Camp |
| 11:12 | Build | Lumber Camp |
| 11:51 | Research | Feudal Age |
| 12:22 | Build | Donjon |
| 12:38 | Build | Mining Camp |
| 12:50 | Build | Donjon |
| 13:23 | Build | Dock |
| 13:47 | Create | Villager (Male) |
| 13:47 | Create | Villager (Male) |
| 13:52 | Build | Mining Camp |
| 14:03 | Create | Serjeant |
| 14:11 | Create | Serjeant |
| 14:16 | Create | Villager (Male) |
| 14:16 | Create | Villager (Male) |
| 14:31 | Create | Villager (Male) |
| 14:31 | Create | Villager (Male) |
| 14:35 | Research | Double-Bit Axe |
| 14:45 | Create | Villager (Male) |
| 14:46 | Create | Villager (Male) |
| 15:31 | Create | Fishing Ship |
| 15:31 | Create | Fishing Ship |
| 16:05 | Build | Donjon |
| 16:08 | Create | Serjeant |
| 16:08 | Create | Serjeant |
| 16:11 | Build | House |
| 16:13 | Build | House |
| 16:17 | Research | Town Watch |
| 16:29 | Build | House |
| 16:37 | Create | Galley |
| 16:40 | Create | Fishing Ship |
| 16:47 | Create | Villager (Male) |
| 16:47 | Create | Villager (Male) |
| 17:10 | Build | Mill |
| 17:32 | Create | Villager (Male) |
| 17:52 | Create | Spearman |
| 18:13 | Create | Spearman |
| 18:44 | Create | Villager (Male) |
| 18:44 | Create | Villager (Male) |
| 18:54 | Create | Spearman |
| 19:05 | Create | Villager (Male) |
| 19:17 | Build | Market |
| 19:26 | Create | Spearman |
| 19:26 | Create | Serjeant |
| 19:46 | Build | Blacksmith |
| 20:29 | Create | Villager (Male) |
| 20:31 | Create | Spearman |
| 20:32 | Create | Spearman |
| 20:41 | Research | Castle Age |
| 20:53 | Create | Villager (Male) |
| 20:54 | Create | Spearman |
| 21:08 | Research | Scale Mail Armor |
| 21:08 | Research | Scale Mail Armor |
| 21:20 | Build | House |
| 21:21 | Build | House |
| 21:39 | Research | Fletching |
| 21:43 | Create | Spearman |
| 21:44 | Create | Serjeant |
| 21:48 | Build | Dock |
| 21:51 | Research | Tech 906 |
| 23:17 | Build | House |
| 23:20 | Build | Stone Wall |
| 23:30 | Build | House |
| 23:34 | Build | House |
| 23:44 | Create | Villager (Male) |
| 23:44 | Create | Villager (Male) |
| 23:44 | Create | Villager (Male) |
| 23:44 | Create | Villager (Male) |
| 23:51 | Build | Palisade Wall |
| 23:53 | Build | Palisade Wall |
| 23:55 | Build | Palisade Wall |
| 24:08 | Build | Castle |
| 24:18 | Create | Villager (Male) |
| 24:18 | Create | Villager (Male) |
| 24:19 | Create | Villager (Male) |
| 24:24 | Build | Castle |
| 24:26 | Create | Villager (Male) |
| 24:26 | Create | Villager (Male) |
| 24:48 | Create | Villager (Male) |
| 24:48 | Create | Villager (Male) |
| 25:03 | Build | Town Center |
| 25:53 | Create | Villager (Male) |
| 25:53 | Create | Villager (Male) |
| 25:53 | Create | Villager (Male) |
| 25:54 | Create | Villager (Male) |
| 25:54 | Create | Villager (Male) |
| 26:09 | Build | Stable |
| 26:36 | Build | Stable |
| 26:44 | Create | Villager (Male) |
| 26:44 | Create | Villager (Male) |
| 26:45 | Create | Villager (Male) |
| 26:45 | Create | Villager (Male) |
| 26:53 | Research | Horse Collar |
| 26:55 | Build | Farm |
| 26:57 | Build | Farm |
| 27:07 | Build | Farm |
| 27:25 | Create | Knight |
| 27:25 | Create | Knight |
| 27:25 | Create | Knight |
| 27:26 | Create | Knight |
| 27:26 | Create | Knight |
| 27:26 | Create | Knight |
| 27:32 | Create | Villager (Male) |
| 27:32 | Create | Villager (Male) |
| 27:51 | Create | Villager (Male) |
| 27:52 | Create | Villager (Male) |
| 28:21 | Build | Stone Wall |
| 28:25 | Build | Stone Wall |
| 28:30 | Build | House |
Build order — SeMuR III el conquistador
First 150 of 970 actions detected
| 0:03 | Build | Town Center |
| 0:42 | Build | Dock |
| 0:43 | Build | House |
| 2:22 | Create | Villager (Male) |
| 2:22 | Create | Villager (Male) |
| 2:22 | Create | Villager (Male) |
| 2:22 | Create | Villager (Male) |
| 2:23 | Create | Villager (Male) |
| 3:38 | Create | Villager (Male) |
| 3:39 | Create | Villager (Male) |
| 4:08 | Create | Fishing Ship |
| 4:26 | Create | Villager (Male) |
| 4:27 | Create | Villager (Male) |
| 4:55 | Build | House |
| 4:58 | Research | Loom |
| 5:04 | Research | Loom |
| 5:05 | Create | Villager (Male) |
| 5:43 | Create | Villager (Male) |
| 5:44 | Create | Villager (Male) |
| 6:01 | Create | Fishing Ship |
| 6:02 | Create | Villager (Male) |
| 6:03 | Create | Villager (Male) |
| 6:29 | Create | Villager (Male) |
| 6:30 | Create | Villager (Male) |
| 6:30 | Create | Villager (Male) |
| 6:30 | Create | Villager (Male) |
| 6:50 | Build | House |
| 6:55 | Create | Villager (Male) |
| 7:33 | Build | Palisade Wall |
| 7:36 | Create | Villager (Male) |
| 7:57 | Create | Villager (Male) |
| 8:02 | Create | Villager (Male) |
| 8:25 | Build | Palisade Wall |
| 8:29 | Build | House |
| 8:31 | Create | Villager (Male) |
| 8:48 | Create | Fishing Ship |
| 9:03 | Build | House |
| 9:06 | Create | Villager (Male) |
| 9:19 | Create | Fishing Ship |
| 9:33 | Create | Villager (Male) |
| 10:08 | Build | Mill |
| 10:09 | Create | Villager (Male) |
| 10:50 | Create | Villager (Male) |
| 11:14 | Build | Lumber Camp |
| 11:23 | Research | Feudal Age |
| 11:23 | Research | Feudal Age |
| 11:34 | Build | Mining Camp |
| 12:00 | Build | House |
| 12:44 | Create | Villager (Male) |
| 13:04 | Build | Barracks |
| 13:28 | Build | Palisade Wall |
| 13:29 | Build | Palisade Wall |
| 13:38 | Create | Villager (Male) |
| 13:39 | Age | Feudal Age |
| 13:57 | Build | Blacksmith |
| 14:11 | Build | Stable |
| 14:31 | Create | Villager (Male) |
| 15:04 | Research | Castle Age |
| 15:04 | Research | Castle Age |
| 15:04 | Research | Castle Age |
| 15:28 | Build | Stable |
| 15:33 | Create | Villager (Male) |
| 15:44 | Build | Palisade Wall |
| 15:46 | Build | Palisade Wall |
| 15:47 | Build | Palisade Wall |
| 15:57 | Create | Spearman |
| 16:15 | Build | House |
| 16:58 | Research | Scale Barding Armor |
| 16:58 | Research | Scale Barding Armor |
| 17:11 | Create | Villager (Male) |
| 17:28 | Build | House |
| 17:39 | Create | Spearman |
| 17:44 | Age | Castle Age |
| 17:47 | Create | Steppe Lancer |
| 17:48 | Create | Steppe Lancer |
| 17:54 | Create | Villager (Male) |
| 18:08 | Create | Steppe Lancer |
| 18:10 | Create | Villager (Male) |
| 18:23 | Research | Husbandry |
| 18:29 | Build | Market |
| 18:43 | Create | Villager (Male) |
| 18:43 | Create | Villager (Male) |
| 18:43 | Create | Villager (Male) |
| 19:16 | Create | Villager (Male) |
| 19:24 | Create | Steppe Lancer |
| 19:24 | Create | Steppe Lancer |
| 19:24 | Create | Steppe Lancer |
| 19:25 | Create | Steppe Lancer |
| 19:47 | Build | Pasture |
| 20:02 | Create | Steppe Lancer |
| 20:02 | Create | Steppe Lancer |
| 20:09 | Create | Villager (Male) |
| 20:13 | Build | Pasture |
| 20:16 | Build | Pasture |
| 20:25 | Create | Steppe Lancer |
| 20:45 | Create | Steppe Lancer |
| 20:45 | Create | Steppe Lancer |
| 20:45 | Create | Steppe Lancer |
| 20:47 | Create | Villager (Male) |
| 20:47 | Create | Villager (Male) |
| 20:56 | Create | Steppe Lancer |
| 20:57 | Create | Steppe Lancer |
| 21:20 | Create | Steppe Lancer |
| 21:20 | Create | Steppe Lancer |
| 21:21 | Create | Steppe Lancer |
| 21:26 | Create | Villager (Male) |
| 21:26 | Create | Villager (Male) |
| 21:39 | Build | House |
| 21:42 | Build | Pasture |
| 21:56 | Create | Steppe Lancer |
| 21:56 | Create | Steppe Lancer |
| 22:04 | Create | Villager (Male) |
| 22:05 | Create | Villager (Male) |
| 22:24 | Create | Steppe Lancer |
| 22:24 | Create | Steppe Lancer |
| 22:25 | Create | Steppe Lancer |
| 22:33 | Build | House |
| 22:35 | Build | Pasture |
| 22:37 | Create | Steppe Lancer |
| 22:37 | Create | Steppe Lancer |
| 22:56 | Create | Steppe Lancer |
| 23:02 | Create | Villager (Male) |
| 23:15 | Create | Villager (Male) |
| 23:15 | Create | Villager (Male) |
| 23:16 | Create | Villager (Male) |
| 23:16 | Create | Villager (Male) |
| 23:16 | Create | Villager (Male) |
| 23:24 | Build | Pasture |
| 23:30 | Create | Steppe Lancer |
| 23:30 | Create | Steppe Lancer |
| 23:50 | Create | Steppe Lancer |
| 23:51 | Create | Steppe Lancer |
| 23:54 | Build | House |
| 24:05 | Create | Steppe Lancer |
| 24:05 | Create | Steppe Lancer |
| 24:06 | Create | Villager (Male) |
| 24:06 | Create | Villager (Male) |
| 24:25 | Research | Forging |
| 24:30 | Create | Villager (Male) |
| 24:42 | Create | Villager (Male) |
| 24:42 | Create | Villager (Male) |
| 25:01 | Create | Villager (Male) |
| 25:09 | Create | Camel Scout |
| 25:10 | Create | Steppe Lancer |
| 25:10 | Create | Steppe Lancer |
| 25:21 | Create | Villager (Male) |
| 25:27 | Create | Villager (Male) |
| 25:34 | Build | Monastery |
| 25:36 | Create | Camel Scout |
| 25:51 | Create | Steppe Lancer |
Build order — PNAL | Machete
First 150 of 386 actions detected
| 0:19 | Build | Town Center |
| 0:37 | Build | House |
| 0:46 | Build | Dock |
| 2:51 | Create | Villager (Male) |
| 2:52 | Create | Villager (Male) |
| 2:52 | Create | Villager (Male) |
| 2:53 | Create | Villager (Male) |
| 2:53 | Create | Villager (Male) |
| 3:50 | Create | Villager (Male) |
| 4:42 | Create | Villager (Male) |
| 4:43 | Create | Villager (Male) |
| 4:46 | Create | Fishing Ship |
| 4:46 | Create | Fishing Ship |
| 5:18 | Build | House |
| 5:21 | Create | Villager (Male) |
| 5:59 | Create | Villager (Male) |
| 6:00 | Create | Villager (Male) |
| 6:00 | Create | Villager (Male) |
| 6:00 | Create | Villager (Male) |
| 6:20 | Build | House |
| 6:28 | Create | Villager (Male) |
| 6:53 | Create | Villager (Male) |
| 7:18 | Build | House |
| 7:24 | Create | Villager (Male) |
| 7:25 | Create | Villager (Male) |
| 7:53 | Create | Fishing Ship |
| 7:53 | Create | Fishing Ship |
| 8:05 | Build | House |
| 8:25 | Create | Villager (Male) |
| 8:25 | Create | Villager (Male) |
| 8:48 | Create | Villager (Male) |
| 8:49 | Create | Villager (Male) |
| 9:09 | Create | Villager (Male) |
| 9:26 | Create | Fishing Ship |
| 9:34 | Build | House |
| 9:40 | Create | Villager (Male) |
| 9:49 | Build | Lumber Camp |
| 9:51 | Create | Villager (Male) |
| 10:00 | Create | Villager (Male) |
| 10:25 | Create | Villager (Male) |
| 10:31 | Create | Fishing Ship |
| 10:45 | Build | Dock |
| 11:07 | Create | Villager (Male) |
| 11:19 | Build | House |
| 11:30 | Research | Feudal Age |
| 11:30 | Research | Feudal Age |
| 11:36 | Build | House |
| 12:35 | Create | Villager (Male) |
| 12:43 | Build | Mill |
| 12:56 | Create | Fishing Ship |
| 13:33 | Build | House |
| 13:40 | Age | Feudal Age |
| 13:48 | Build | House |
| 14:00 | Build | Market |
| 14:02 | Build | Blacksmith |
| 14:09 | Build | House |
| 14:11 | Create | Villager (Male) |
| 14:43 | Research | Castle Age |
| 14:43 | Research | Castle Age |
| 14:58 | Create | Fishing Ship |
| 14:58 | Create | Fishing Ship |
| 14:58 | Create | Fishing Ship |
| 15:49 | Research | Double-Bit Axe |
| 16:09 | Create | Villager (Male) |
| 16:18 | Build | Barracks |
| 16:55 | Research | Scale Mail Armor |
| 17:01 | Create | Spearman |
| 17:01 | Create | Spearman |
| 17:02 | Create | Spearman |
| 17:02 | Create | Spearman |
| 17:02 | Create | Spearman |
| 17:02 | Create | Spearman |
| 17:03 | Create | Spearman |
| 17:05 | Create | Villager (Male) |
| 17:23 | Age | Castle Age |
| 17:31 | Build | Siege Workshop |
| 17:50 | Research | Chain Mail Armor |
| 17:55 | Build | House |
| 18:04 | Create | Villager (Male) |
| 18:34 | Create | Battering Ram |
| 18:34 | Create | Battering Ram |
| 18:37 | Build | House |
| 18:47 | Create | Villager (Male) |
| 19:00 | Build | House |
| 19:06 | Create | Battering Ram |
| 19:22 | Build | House |
| 19:47 | Research | Pikeman (upgrade) |
| 19:51 | Build | House |
| 19:52 | Create | Villager (Male) |
| 20:13 | Create | Battering Ram |
| 20:13 | Create | Battering Ram |
| 20:13 | Create | Battering Ram |
| 20:16 | Build | House |
| 20:17 | Create | Villager (Male) |
| 20:26 | Build | Mining Camp |
| 20:50 | Create | Villager (Male) |
| 21:34 | Create | Spearman ×5 |
| 21:34 | Create | Spearman ×5 |
| 21:34 | Create | Spearman ×5 |
| 22:34 | Create | Battering Ram |
| 22:34 | Create | Battering Ram |
| 22:34 | Create | Battering Ram |
| 22:50 | Create | Battering Ram |
| 22:50 | Create | Battering Ram |
| 22:50 | Create | Battering Ram |
| 22:55 | Create | Villager (Male) |
| 23:10 | Create | Villager (Male) |
| 23:24 | Create | Villager (Male) |
| 23:50 | Create | Villager (Male) |
| 24:06 | Build | Siege Workshop |
| 24:07 | Create | Villager (Male) |
| 24:10 | Create | Villager (Male) |
| 24:17 | Create | Mangonel |
| 24:17 | Create | Mangonel |
| 24:17 | Create | Mangonel |
| 24:28 | Create | Villager (Male) |
| 25:29 | Build | Town Center |
| 25:33 | Create | Villager (Male) |
| 25:33 | Create | Villager (Male) |
| 25:34 | Create | Villager (Male) |
| 25:40 | Research | Loom |
| 25:41 | Create | Villager (Male) |
| 25:41 | Create | Villager (Male) |
| 25:41 | Create | Villager (Male) |
| 26:10 | Create | Spearman |
| 26:10 | Create | Spearman |
| 26:10 | Create | Spearman |
| 26:11 | Create | Villager (Male) |
| 26:12 | Create | Villager (Male) |
| 26:16 | Build | Farm |
| 26:24 | Create | Fishing Ship |
| 26:24 | Create | Fishing Ship |
| 26:25 | Create | Fishing Ship |
| 26:50 | Build | Farm |
| 26:59 | Build | Farm |
| 27:00 | Create | Villager (Male) |
| 27:03 | Create | Villager (Male) |
| 27:19 | Create | Mangonel |
| 27:19 | Create | Mangonel |
| 27:19 | Create | Mangonel |
| 27:29 | Create | Spearman |
| 27:29 | Create | Spearman |
| 27:29 | Create | Spearman |
| 29:00 | Create | Mangonel |
| 29:03 | Create | Spearman |
| 29:08 | Create | Villager (Male) |
| 29:20 | Create | Villager (Male) |
| 29:59 | Create | Villager (Male) |
| 30:06 | Research | Squires |
| 30:07 | Research | Gambesons |
Match timeline
| 0:18 | Blegh · first_building Dock |
| 0:42 | SeMuR III el conquistador · first_building Dock |
| 0:46 | PNAL | Machete · first_building Dock |
| 1:35 | PNAL | El Travieso · first_building Dock |
| 1:37 | PNAL I Ghost · first_building Dock |
| 1:43 | Cocaina Man · first_building Dock |
| 7:33 | SeMuR III el conquistador · wall_segment Palisade Wall x9 |
| 8:25 | SeMuR III el conquistador · wall_segment Palisade Wall x2 |
| 11:20 | Blegh · first_building Barracks |
| 11:32 | PNAL | El Travieso · first_building Barracks |
| 12:22 | PNAL I Ghost · first_building Donjon |
| 12:55 | PNAL | El Travieso · age_up feudal |
| 12:57 | PNAL | El Travieso · first_building Stable |
| 13:04 | SeMuR III el conquistador · first_building Barracks |
| 13:19 | Blegh · age_up feudal |
| 13:24 | Blegh · first_building Stable |
| 13:28 | SeMuR III el conquistador · wall_segment Palisade Wall x3 |
| 13:29 | SeMuR III el conquistador · wall_segment Palisade Wall x2 |
| 13:39 | SeMuR III el conquistador · age_up feudal |
| 13:40 | PNAL | Machete · age_up feudal |
| 13:56 | Cocaina Man · age_up feudal |
| 14:11 | SeMuR III el conquistador · first_building Stable |
| 14:40 | PNAL | Machete · first_market_sell 100 wood |
| 15:10 | Blegh · wall_segment Palisade Wall x2 |
| 15:44 | SeMuR III el conquistador · wall_segment Palisade Wall x1 |
| 15:46 | SeMuR III el conquistador · wall_segment Palisade Wall x1 |
| 15:47 | SeMuR III el conquistador · wall_segment Palisade Wall x1 |
| 16:18 | PNAL | Machete · first_building Barracks |
| 17:12 | PNAL | Machete · first_market_buy 100 wood |
| 17:17 | Cocaina Man · first_market_buy 500 stone |
| 17:18 | Cocaina Man · first_market_sell 500 food |
| 17:23 | PNAL | Machete · age_up castle |
| 17:31 | PNAL | Machete · first_building Siege Workshop |
| 17:44 | SeMuR III el conquistador · age_up castle |
| 18:23 | Cocaina Man · age_up castle |
| 19:01 | Cocaina Man · first_building Castle |
| 19:22 | SeMuR III el conquistador · first_market_buy 100 food |
| 20:01 | SeMuR III el conquistador · first_market_sell 100 wood |
| 20:02 | PNAL I Ghost · first_market_buy 100 food |
| 20:06 | PNAL I Ghost · first_market_sell 100 stone |
| 22:10 | PNAL | El Travieso · age_up castle |
| 22:37 | PNAL | El Travieso · first_market_sell 100 stone |
| 22:59 | PNAL | El Travieso · first_market_buy 100 wood |
| 23:20 | PNAL I Ghost · wall_segment Stone Wall x1 |
| 23:51 | PNAL I Ghost · wall_segment Palisade Wall x1 |
| 23:53 | PNAL I Ghost · wall_segment Palisade Wall x1 |
| 23:55 | PNAL I Ghost · wall_segment Palisade Wall x1 |
| 24:08 | PNAL I Ghost · first_building Castle |
| 24:15 | Blegh · age_up castle |
| 24:44 | PNAL | El Travieso · wall_segment Palisade Wall x5 |
| 25:34 | SeMuR III el conquistador · first_building Monastery |
| 26:09 | PNAL I Ghost · first_building Stable |
| 27:53 | SeMuR III el conquistador · wall_segment Stone Wall x1 |
| 28:21 | PNAL I Ghost · wall_segment Stone Wall x1 |
| 28:25 | PNAL I Ghost · wall_segment Stone Wall x1 |
| 28:58 | SeMuR III el conquistador · wall_segment Palisade Wall x1 |
| 29:02 | SeMuR III el conquistador · wall_segment Palisade Wall x1 |
| 29:07 | SeMuR III el conquistador · wall_segment Palisade Wall x1 |
| 30:08 | Blegh · first_market_sell 100 wood |
| 30:09 | Blegh · first_market_buy 100 food |
| 30:47 | PNAL | Machete · first_building Castle |
| 32:53 | PNAL I Ghost · first_building Siege Workshop |
| 34:36 | Blegh · first_building Castle |
| 35:16 | PNAL I Ghost · first_building Barracks |
| 36:37 | Cocaina Man · first_building Siege Workshop |
| 37:04 | PNAL | El Travieso · first_building Siege Workshop |
| 45:27 | PNAL | Machete · first_building Archery Range |
| 47:25 | PNAL | El Travieso · tribute_sent a jugador 1 |
| 47:25 | PNAL | El Travieso · tribute_sent a jugador 3 |
| 47:25 | PNAL | El Travieso · tribute_sent a jugador 4 |
| 47:25 | PNAL | El Travieso · tribute_sent a jugador 5 |
| 47:25 | PNAL | El Travieso · tribute_sent a jugador 6 |
| 48:19 | PNAL | El Travieso · wall_segment Palisade Wall x6 |
| 48:29 | PNAL | Machete · age_up imperial |
| 49:08 | PNAL | El Travieso · wall_segment Palisade Wall x5 |
| 50:38 | PNAL | El Travieso · tribute_sent a jugador 1 |
| 50:38 | PNAL | El Travieso · tribute_sent a jugador 3 |
| 50:38 | PNAL | El Travieso · tribute_sent a jugador 4 |
| 50:38 | PNAL | El Travieso · tribute_sent a jugador 5 |
| 50:38 | PNAL | El Travieso · tribute_sent a jugador 6 |
| 50:41 | SeMuR III el conquistador · age_up imperial |
| 50:48 | PNAL | El Travieso · tribute_sent a jugador 1 |
| 50:48 | PNAL | El Travieso · tribute_sent a jugador 3 |
| 50:48 | PNAL | El Travieso · tribute_sent a jugador 4 |
| 50:48 | PNAL | El Travieso · tribute_sent a jugador 5 |
| 50:48 | PNAL | El Travieso · tribute_sent a jugador 6 |
| 50:53 | PNAL | El Travieso · wall_segment Palisade Wall x11 |
| 51:39 | PNAL I Ghost · wall_segment Stone Wall x1 |
| 51:42 | PNAL I Ghost · wall_segment Stone Wall x1 |
| 52:04 | PNAL | El Travieso · tribute_sent a jugador 1 |
| 52:04 | PNAL | El Travieso · tribute_sent a jugador 3 |
| 52:04 | PNAL | El Travieso · tribute_sent a jugador 4 |
| 52:04 | PNAL | El Travieso · tribute_sent a jugador 5 |
| 52:04 | PNAL | El Travieso · tribute_sent a jugador 6 |
| 52:11 | PNAL | El Travieso · tribute_sent a jugador 1 |
| 52:11 | PNAL | El Travieso · tribute_sent a jugador 3 |
| 52:11 | PNAL | El Travieso · tribute_sent a jugador 4 |
| 52:11 | PNAL | El Travieso · tribute_sent a jugador 5 |
| 52:11 | PNAL | El Travieso · tribute_sent a jugador 6 |
| 52:19 | PNAL | El Travieso · wall_segment Palisade Wall x1 |
| 52:27 | Cocaina Man · first_building Barracks |
| 53:35 | Blegh · age_up imperial |
| 53:38 | PNAL | El Travieso · tribute_sent a jugador 1 |
| 53:38 | PNAL | El Travieso · tribute_sent a jugador 3 |
| 53:38 | PNAL | El Travieso · tribute_sent a jugador 4 |
| 53:38 | PNAL | El Travieso · tribute_sent a jugador 5 |
| 53:38 | PNAL | El Travieso · tribute_sent a jugador 6 |
| 53:59 | Cocaina Man · first_building Stable |
| 54:21 | Cocaina Man · age_up imperial |
| 54:54 | PNAL | El Travieso · tribute_sent a jugador 1 |
| 54:54 | PNAL | El Travieso · tribute_sent a jugador 3 |
| 54:54 | PNAL | El Travieso · tribute_sent a jugador 4 |
| 54:54 | PNAL | El Travieso · tribute_sent a jugador 5 |
| 54:54 | PNAL | El Travieso · tribute_sent a jugador 6 |
| 55:48 | PNAL | El Travieso · tribute_sent a jugador 1 |
| 55:48 | PNAL | El Travieso · tribute_sent a jugador 3 |
| 55:48 | PNAL | El Travieso · tribute_sent a jugador 4 |
| 55:48 | PNAL | El Travieso · tribute_sent a jugador 5 |
| 55:48 | PNAL | El Travieso · tribute_sent a jugador 6 |
| 56:32 | PNAL I Ghost · tribute_sent a jugador 1 |
| 56:32 | PNAL I Ghost · tribute_sent a jugador 2 |
| 56:32 | PNAL I Ghost · tribute_sent a jugador 3 |
| 56:32 | PNAL I Ghost · tribute_sent a jugador 5 |
| 56:32 | PNAL I Ghost · tribute_sent a jugador 6 |
| 56:37 | PNAL | El Travieso · tribute_sent a jugador 1 |
| 56:37 | PNAL | El Travieso · tribute_sent a jugador 3 |
| 56:37 | PNAL | El Travieso · tribute_sent a jugador 4 |
| 56:37 | PNAL | El Travieso · tribute_sent a jugador 5 |
| 56:37 | PNAL | El Travieso · tribute_sent a jugador 6 |
| 58:58 | PNAL | El Travieso · tribute_sent a jugador 1 |
| 58:58 | PNAL | El Travieso · tribute_sent a jugador 3 |
| 58:58 | PNAL | El Travieso · tribute_sent a jugador 4 |
| 58:58 | PNAL | El Travieso · tribute_sent a jugador 5 |
| 58:58 | PNAL | El Travieso · tribute_sent a jugador 6 |
| 59:19 | SeMuR III el conquistador · wall_segment Stone Wall x1 |
| 59:22 | SeMuR III el conquistador · wall_segment Stone Wall x1 |
| 59:37 | SeMuR III el conquistador · wall_segment Palisade Wall x1 |
| 59:46 | SeMuR III el conquistador · wall_segment Palisade Wall x1 |
| 60:16 | PNAL I Ghost · resign |
[ AI ANALYSIS · 1 CREDIT ]
What really happened in this match?
Wolo.gg analyzes every decision: build order, eco, micro, common mistakes by bracket. Personalized analysis on WhatsApp or Discord in 30 seconds.
Civ guide
Vietnamese
Map guide
Nomad
Perfil
Jugador #14976817